AoeStats
← Rafaelbdoo

MegaRandom

506781560Analyzed
1v1 RM · 18d ago on Sep 15, 2026· 33m 16s· 2 players
Game mode
Random Map
Map size
Tiny (2 player)
Population
200
Speed
Normal
Resources
Standard
Victory
Conquest
Starting age
Dark Age
Ending age
Imperial Age
RankedLock teamsTeams togetherTeam positionsShared explorationLock speedFull tech treeHidden civsTurbo modeCheats
Victory
Defeat
🇧🇷 Byzantines · Brazil
550
+11
🇲🇽 Maya · Mexico
435
-11
Can
9:28 Loom
11:39 Feudal Age
11:46 Loom
12:22 Double-Bit Axe
12:23 Horse Collar
14:13 Gold Mining
15:04 Wheelbarrow
19:17 Forging
19:10 Scale Mail Armor
26:52 Castle Age
25:19 Stone Mining
26:58 Eagle Warrior
28:47 Murder Holes
28:34 Treadmill Crane
29:59 Town Watch
30:18 Heavy Plow
Rafaelbdoo
11:09 Feudal Age
11:58 Horse Collar
12:35 Double-Bit Axe
21:10 Wheelbarrow
20:39 Loom
20:50 Fletching
21:03 Padded Archer Armor
21:01 Gold Mining
22:04 Forging
21:56 Scale Mail Armor
26:23 Castle Age
24:19 Stone Mining
27:16 Bodkin Arrow
27:39 Leather Archer Armor
26:50 Crossbowman
27:37 Thumb Ring
27:53 Pikeman
29:07 Bow Saw
30:19 Stone Shaft Mining
30:50 Gold Shaft Mining
33:09 Hand Cart
35:27 Imperial Age
Connection lost

Rejoining the realm…

Still unreachable

The connection could not be restored.

Session expired

The server has moved on; the page needs a fresh start.